 Dungeon Crawl Stone Soup version 0.24.0-13-gcf9b3192b9 (webtiles) character file.

Game seed: 4435236591753021261, levelgen mode: deterministic

6490 inmateoo the Spear-Bearer (level 11, -1/89 HPs)
             Began as a Formicid Warper on Nov 8, 2019.
             Was a High Priest of Okawaru.
             Slain by a manticore (5 damage)
             ... on level 9 of the Dungeon.
             The game lasted 00:15:38 (12155 turns).

inmateoo the Spear-Bearer (Formicid Warper)        Turns: 12155, Time: 00:15:39

Health: -1/89      AC: 18    Str: 19    XL:     11   Next: 19%
Magic:  12/14      EV:  9    Int: 19    God:    Okawaru [*****.]
Gold:   411        SH:  0    Dex: 13    Spells: 12/14 levels left

rFire    . . .     SeeInvis +   h - +4 trident
rCold    . . .     Gourm    .   (no shield)
rNeg     . . .     Faith    .   n - +0 plate armour
rPois    .         Spirit   .   (helmet unavailable)
rElec    .         Reflect  .   B - +0 cloak
rCorr    .         Harm     .   t - +0 pair of gloves
MR       +....                  (no boots)
Stlth    ..........             (no amulet)
HPRegen  0.24/turn              l - +6 ring of intelligence
MPRegen  0.14/turn              u - +3 ring of dexterity

@: heroism, barbed spikes
A: permanent stasis, dig shafts and tunnels, four strong arms, antennae 3
a: Dig, Shaft Self, Heroism, Finesse, Renounce Religion


You were on level 9 of the Dungeon.
You worshipped Okawaru.
Okawaru was extremely pleased with you.
You were not hungry.

You visited 1 branch of the dungeon, and saw 9 of its levels.

You collected 411 gold pieces.

Inventory:

Hand Weapons
 a - a +0 spear
 b - a +1 battleaxe of electrocution
 h - a +4 trident (weapon)
 m - a +2 mace of protection
 v - a +2 dire flail of protection
 x - a +0 glaive
Missiles
 e - 5 boomerangs of dispersal
 q - 26 boomerangs (quivered)
 r - 2 throwing nets
Armour
 n - a +0 plate armour (worn)
 t - a +0 pair of gloves (worn)
 y - a +0 buckler
 B - a +0 cloak (worn)
Jewellery
 l - a +6 ring of intelligence (left hand)
 u - a +3 ring of dexterity (right hand)
Wands
 C - a wand of flame (17)
 D - a wand of iceblast (10)
Scrolls
 c - 2 scrolls of enchant weapon
 d - 7 scrolls of remove curse
 i - a scroll of enchant armour
 o - 2 scrolls of fog
Potions
 g - a potion of invisibility {unknown}
 j - a potion of brilliance
 k - 2 potions of resistance
 p - 2 potions of ambrosia
 s - 2 potions of flight {unknown}
 w - a potion of might
 z - a potion of berserk rage {unknown}
 A - a potion of cancellation
Comestibles
 f - 12 rations
 F - 4 chunks of flesh


   Skills:
 - Level 9.0(14.0) Fighting
 - Level 4.0(9.0) Maces & Flails
 * Level 11.6(16.6) Polearms
 - Level 1.0(6.0) Throwing
 - Level 6.0(11.0) Armour
 - Level 2.0(7.0) Dodging
 - Level 2.1 Spellcasting
 - Level 2.6 Translocations
 + Level 5.3 Invocations


You had 12 spell levels left.
You knew the following spells:

 Your Spells              Type           Power        Failure   Level  Hunger
a - Shroud of Golubria    Chrm/Tloc      #.....       95%         2    ##.....

Your spell library contained the following spells:

 Spells                   Type           Power        Failure   Level  Hunger
 Corona                   Hex            #......      96%         1    #......
 Magic Dart               Conj           #...         96%         1    #......
 Gell's Gravitas          Tloc           ##........   96%         3    ###....
 Lesser Beckoning         Tloc           ##........   96%         3    ###....
 Teleport Other           Tloc           ##......     96%         3    ###....
 Call Imp                 Summ           #.......     99%         2    ##.....
 Ensorcelled Hibernation  Hex/Ice        #.....       99%         2    ##.....
 Searing Ray              Conj           #.....       99%         2    ##.....
 Slow                     Hex            #.......     99%         2    ##.....
 Confuse                  Hex            #.......     100%        3    ###....
 Conjure Flame            Conj/Fire      #.......     100%        3    ###....
 Dazzling Spray           Conj/Hex       #.....       100%        3    ###....
 Mephitic Cloud           Conj/Pois/Air  #.......     100%        3    ###....
 Tukima's Dance           Hex            #.......     100%        3    ###....
 Force Lance              Conj/Tloc      #.......     100%        4    #####..
 Fulminant Prism          Conj/Hex       #.........   100%        4    #####..
 Iskenderun's Mystic Bla  Conj           #.......     100%        4    #####..
 Passage of Golubria      Tloc           N/A          100%        4    #####..
 Blink                    Tloc           Unusable     N/A         2    N/A

Dungeon Overview and Level Annotations

Branches:
Dungeon (9/15)             Temple (0/1) D:4
   Lair: D:8-11         Orc: D:9-12

Altars:
Cheibriados
Dithmenos
Elyvilon
Fedhas
Nemelex Xobeh
Okawaru
Qazlal
Trog
Vehumet
Xom
Yredelemnul

Shops:
D:4 }:

Annotations:
D:6 1 runed translucent door, stickyfingers's ghost, novice HOGl
D:7 2 transporters, Hyawatha's ghost, novice DsGl
D:8 3 runed translucent doors, Esos's ghost, novice DgIE; Gastronok; Hyawatha's ghost, novice MiBe; OleJ's ghost, novice GnAr; Tyegef's ghost, novice DECj; Yhai's ghost, novice MiBe
D:9 1 runed translucent door, roguesci's ghost, novice DsEn


Innate Abilities, Weirdness & Mutations

You cannot be hasted, slowed, berserked, paralysed or teleported.
You can dig through walls and to a lower floor.
Your four strong arms can wield two-handed weapons with a shield.
You have a pair of large antennae on your head. (SInv)


Message History

Okay, then.
You feel better.
You gain the combat prowess of a mighty hero.
The manticore bites you!
* * * LOW HITPOINT WARNING * * *
The manticore claws you but does no damage.
The manticore barely misses you.
Unknown command.
Okay, then.
Okay, then.
Okay, then.
You impale the manticore!!
The manticore is severely wounded.
Unknown command.
Unknown command.
You hit the manticore but do no damage.
The manticore is severely wounded.
The manticore bites you but does no damage.
The manticore claws you.
You die...

#........ ............
#........ ...........#
..#........
#.........##..#......##
#.............#..###...
#...............##⌠##..
#..............##...##.
#....H........##..!..##
###+##@...##..+...♣!.⌠#
+####...##....##..##..%..##
...................##W..##.
....................##⌠##..
{
.....................###..#
{
......................)...#
########'#########'######..
#######................###
{
#.....#...###.......##.#..


You could see a manticore.

Vanquished Creatures
  Erica (D:8)
  A two-headed ogre (D:8)
  A hippogriff (D:6)
  A fire bat (D:5)
  Edmund (D:6)
  3 orc warriors
  2 ice beasts
  A sky beast (D:7)
  A black bear (D:6)
  4 phantoms
  4 centaurs
  An eye of draining (D:8)
  5 ogres
  2 big kobolds
  3 bullfrogs
  Blork the orc (D:5)
  A gnoll sergeant (D:7)
  3 scorpions
  11 killer bees
  12 wights
  5 howler monkeys
  A quasit (D:6)
  A bullfrog zombie (D:9)
  4 orc priests
  A hound (D:5)
  A jelly (D:7)
  4 orc wizards
  2 bullfrog skeletons
  3 iguanas
  7 worker ants
  11 adders
  18 gnolls
  2 shadow imps (D:6)
  2 oozes (D:1)
  2 adder skeletons
  2 worms
  5 dart slugs
  5 leopard geckos
  37 orcs
  3 ball pythons
  5 giant cockroaches
  8 goblins
  14 hobgoblins
  15 jackals
  8 quokkas
  A ball python skeleton (D:4)
  7 bats
  8 frilled lizards
  18 kobolds
  A leopard gecko skeleton (D:7)
  A quokka skeleton (D:7)
  7 rats
268 creatures vanquished.

Notes
Turn   | Place    | Note
-------+----------+-------------------------------------------
     0 | D:1      | inmateoo the Formicid Warper began the quest for the Orb.
     0 | D:1      | Reached XP level 1. HP: 16/16 MP: 3/3
   296 | D:1      | Reached XP level 2. HP: 22/22 MP: 5/5
   458 | D:1      | Reached skill level 3 in Polearms
   688 | D:1      | Reached XP level 3. HP: 23/27 MP: 6/6
  1295 | D:2      | Reached skill level 4 in Polearms
  1295 | D:2      | Reached XP level 4. HP: 19/33 MP: 7/7
  2038 | D:1      | Learned a level 2 spell: Shroud of Golubria
  2232 | D:2      | Reached XP level 5. HP: 29/38 MP: 8/8
  2645 | D:2      | Reached skill level 5 in Polearms
  3474 | D:4      | Reached XP level 6. HP: 36/46 MP: 9/9
  3552 | D:4      | Found a stormy altar of Qazlal.
  3901 | D:4      | Found Qoppy's Book Emporium.
  3985 | D:4      | Reached skill level 1 in Maces & Flails
  3993 | D:4      | Reached XP level 7. HP: 33/52 MP: 10/10
  4229 | D:4      | Found Quih's Gadget Shoppe.
  4271 | D:4      | Found a staircase to the Ecumenical Temple.
  4329 | D:5      | Entered Level 5 of the Dungeon
  4330 | D:5      | Found a transporter.
  4653 | D:5      | Found an iron altar of Okawaru.
  4661 | D:5      | Became a worshipper of Warmaster Okawaru
  4717 | D:5      | Reached skill level 6 in Polearms
  4999 | D:5      | Found a white marble altar of Elyvilon.
  4999 | D:5      | Found a blossoming altar of Fedhas.
  5156 | D:5      | Found a transporter.
  5166 | D:5      | Noticed a fire bat
  5239 | D:5      | Found a sparkling altar of Nemelex Xobeh.
  5254 | D:5      | Reached XP level 8. HP: 53/61 MP: 11/11
  5365 | D:5      | Found a shadowy altar of Dithmenos.
  5661 | D:5      | Killed a fire bat
  5739 | D:5      | Got a fine scale mail
  5832 | D:5      | Identified the +4 scale mail of Hairiness {+Fly rC- MP+9
                  | Dex+6} (You found it on level 5 of the Dungeon)
  5982 | D:6      | Noticed Edmund
  5995 | D:6      | Reached skill level 5 in Fighting
  6012 | D:6      | Killed Edmund
  6012 | D:6      | Reached * piety under Okawaru
  6086 | D:6      | Noticed Blork the orc
  6235 | D:5      | Killed Blork the orc
  6677 | D:6      | Reached skill level 7 in Polearms
  6677 | D:6      | Reached XP level 9. HP: 25/69 MP: 12/12
  6987 | D:6      | Reached skill level 5 in Armour
  7447 | D:6      | Reached ** piety under Okawaru
  7607 | D:6      | Found a runed translucent door.
  7608 | D:6      | Noticed stickyfingers's ghost (novice HOGl)
  7610 | D:6      | Found a shimmering altar of Xom.
  7610 | D:6      | Noticed a +2 trident of chaos
  8244 | D:7      | Noticed a hippogriff
  8273 | D:6      | Killed a hippogriff
  8284 | D:6      | HP: 2/72 [ogre/+0 giant spiked club (10)]
  8286 | D:6      | Reached skill level 8 in Polearms
  8658 | D:7      | Found a snail-covered altar of Cheibriados.
  8704 | D:7      | Reached *** piety under Okawaru
  8728 | D:7      | Reached XP level 10. HP: 45/80 MP: 13/13
  8873 | D:7      | Reached skill level 9 in Polearms
  9595 | D:7      | Found a bloodstained altar of Trog.
  9596 | D:7      | Noticed Hyawatha's ghost (novice DsGl)
  9603 | D:7      | Found a transporter.
  9605 | D:7      | Found a transporter.
  9632 | D:7      | Noticed a moth of wrath
  9680 | D:8      | Noticed a two-headed ogre
 10010 | D:7      | HP: 4/83 [poisoned by a killer bee]
 10363 | D:7      | Reached skill level 1 in Invocations
 10369 | D:7      | Reached skill level 10 in Polearms
 10614 | D:7      | Reached **** piety under Okawaru
 10880 | D:8      | Noticed Erica
 10903 | D:8      | Killed Erica
 10961 | D:8      | Killed a two-headed ogre
 10961 | D:8      | Reached skill level 11 in Polearms
 10961 | D:8      | Reached XP level 11. HP: 62/89 MP: 14/14
 10996 | D:8      | Reached ***** piety under Okawaru
 11215 | D:8      | Noticed Gastronok
 11217 | D:8      | Found a basalt altar of Yredelemnul.
 11229 | D:8      | Found a runed translucent gate.
 11229 | D:8      | Found a runed translucent gate.
 11231 | D:8      | Noticed Yhai's ghost (novice MiBe)
 11232 | D:8      | Found a runed translucent gate.
 11232 | D:8      | Noticed Hyawatha's ghost (novice MiBe)
 11232 | D:8      | Noticed Esos's ghost (novice DgIE)
 11233 | D:8      | Noticed OleJ's ghost (novice GnAr)
 11233 | D:8      | Noticed Tyegef's ghost (novice DECj)
 11466 | D:9      | Reached skill level 5 in Invocations
 11586 | D:9      | Found a radiant altar of Vehumet.
 11815 | D:9      | Found a runed translucent door.
 11815 | D:9      | Noticed roguesci's ghost (novice DsEn)
 12140 | D:9      | Noticed a manticore
 12153 | D:9      | HP: 4/89 [manticore (16)]
 12155 | D:9      | Slain by a manticore

Levels and vault maps discovered:
D:1:      elethiomel_arrival_shortcut, layout_basic
D:2:      layout_basic, kennysheep_generic_room_13
D:3:      layout_basic
D:4:      layout_basic, kennysheep_little_box, minmay_temple_entry_from_below_a,
          first_ration, serial_shops, shop,
          nicolae_shop_competitors_out_of_business
D:5:      gammafunk_cloud_chamber, layout_loops_cross,
          nemelex_xobeh_ov_fountains_minmay, nicolae_overflow_hidden_temple,
          chequers_temple_overflow_statue_of_worship, okawaru_trees_2
D:6:      black_bear_nest_1, layout_basic, ebering_ghost_xom,
          uniq_blork_the_orc, uniq_edmund
D:7:      layout_rooms, kennysheep_mini_moat, lightli_bailey_entry_fortress,
          gammafunk_ghost_wrathful_warriors
D:8:      layout_rooms, zin_purify, yredelemnul_altar_generic,
          gammafunk_ghost_cemetery, grunt_pizzeria, uniq_erica, uniq_gastronok
D:9:      layout_stronghold, lemuel_crystal_altar,
          hellmonk_ghost_happy_afterlife

Skill      XL: |  1  2  3  4  5  6  7  8  9 10 11 |
---------------+----------------------------------+-----
Polearms       | 3 4 5 6 7 8 11 | 11.6
Dodging        | 2 |  2.0
Armour         | 2 3 4 6 |  6.0
Fighting       | 3 4 6 8 9 |  9.0
Maces & Flails | 1 2 3 4 |  4.0
Invocations    | 4 5 |  5.3
Throwing       | |  1.0
Spellcasting   | |  2.1
Translocations | |  2.6

Action                   |  1- 3 |  4- 6 |  7- 9 | 10-12 || total
-------------------------+-------+-------+-------+-------++-------
Melee: Spear             |   129 |   200 |       |       ||   329
       Mace              |       |   102 |   382 |       ||   484
       Unarmed           |       |    20 |    50 |       ||    70
       Glaive            |       |       |    11 |       ||    11
       Dire flail        |       |       |     3 |       ||     3
       Trident           |       |       |    25 |   354 ||   379
       Punch             |       |       |       |     1 ||     1
Throw: Boomerang         |       |       |     1 |     5 ||     6
Invok: Heroism           |       |       |       |     2 ||     2
 Abil: Dig               |     2 |       |     3 |     3 ||     8
Evoke: Wand              |       |       |       |     3 ||     3
  Use: Scroll            |       |    14 |     3 |       ||    17
       Potion            |       |     2 |     5 |     3 ||    10
  Eat: Chunk             |     1 |     9 |    11 |     4 ||    25
       Ration            |       |       |     2 |     2 ||     4
Armor: Leather armour    |    18 |    24 |       |       ||    42
       Plate armour      |       |    94 |   433 |   191 ||   718
       Chain mail        |       |    19 |       |       ||    19
       Skin              |       |     9 |    66 |       ||    75
Dodge: Dodged            |    74 |   105 |   167 |   107 ||   453
